 Dungeon Crawl Stone Soup version 0.29.1-12-g30fa7ad0bf (webtiles) character file.

Game seed: 16909405178368858611

48 DildoBatman the Conjurer (level 4, -1/32 HPs)
             Began as a Formicid Conjurer on Dec 27, 2022.
             Slain by a quokka (4 damage)
             ... on level 3 of the Dungeon.
             The game lasted 00:02:40 (1449 turns).

DildoBatman the Conjurer (Formicid Conjurer)        Turns: 1449, Time: 00:02:40

Health: -1/32      AC:  3    Str: 12    XL:     4   Next: 0%
Magic:  5/8        EV: 12    Int: 19    God:
Gold:   144        SH:  0    Dex: 12    Spells: 5/8 levels left

rFire   . . .      SeeInvis +   i - +0 falchion
rCold   . . .      Faith    .   (no shield)
rNeg    . . .      Spirit   .   a - +0 robe
rPois   .          Reflect  .   (helmet unavailable)
rElec   .          Harm     .   (no cloak)
rCorr   .          Rampage  .   (no gloves)
Will    .....                   l - +0 pair of boots
Stlth   ++........              (no amulet)
HPRegen 0.10/turn               (no ring)
MPRegen 0.11/turn               (no ring)

@: no status effects
A: permanent stasis, dig shafts and tunnels, antennae 3, four strong arms
a: Dig, Shaft Self


You were on level 3 of the Dungeon.
You visited 1 branch of the dungeon, and saw 3 of its levels.

You collected 144 gold pieces.

Inventory:

Hand Weapons
 e - a +0 short sword
 i - a +0 falchion (weapon)
Missiles
 c - 10 boomerangs
 j - 12 stones
Armour
 a - a +0 robe (worn)
 l - a +0 pair of boots (worn)
Scrolls
 d - a scroll of immolation {unknown}
 g - 2 scrolls of enchant armour {unknown}
 h - 2 scrolls of noise {unknown}
 m - a scroll of teleportation {unknown}
 n - a scroll of identify {unknown}
Potions
 b - a potion of magic
 f - a potion of invisibility {unknown}
 k - a potion of brilliance {unknown}


   Skills:
 * Level 1.3 Fighting
 * Level 1.5 Armour
 - Level 2.0 Dodging
 - Level 2.4 Stealth
 * Level 2.7 Spellcasting
 * Level 3.9 Conjurations


You had 5 spell levels left.
You knew the following spells:

 Your Spells              Type           Power      Damage    Failure   Level
a - Searing Ray           Conj           34%        2d5       4%          2
c - Magic Dart            Conj           68%        1d6       3%          1

Your spell library contained the following spells:

 Spells                   Type           Power      Damage    Failure   Level
 Necrotise                Necr           8%         1d4       16%         1
 Dazzling Flash           Conj/Hex       20%        N/A       22%         3
 Vampiric Draining        Necr           2%         2d6       43%         3
 Fulminant Prism          Conj/Hex       5%         3d7       56%         4
 Iskenderun's Mystic Bla  Conj/Tloc      10%        2d4       56%         4
 Agony                    Necr           2%         N/A       99%         5


Dungeon Overview and Level Annotations

Branches:
Dungeon (2/15)

Altars:


Innate Abilities, Weirdness & Mutations

You cannot be hasted, slowed, berserked, paralysed or teleported.
You can dig through walls and to a lower floor.
You have a pair of large antennae on your head. (SInv)
Your four strong arms can wield two-handed weapons with a shield.


Message History

Orders for allies: a - Attack new target. r - Retreat! s - Stop attacking. g - Guard the area. f - Follow me.
Anything else - Cancel.
You shout for attention!
The quokka barely misses you. What are your orders? t - Shout!
Orders for allies: a - Attack new target. r - Retreat! s - Stop attacking. g - Guard the area. f - Follow me.
Anything else - Cancel.
You shout for attention!
The quokka misses you. What are your orders? t - Shout!
Orders for allies: a - Attack new target. r - Retreat! s - Stop attacking. g - Guard the area. f - Follow me.
Anything else - Cancel.
You shout for attention!
The quokka bites you but does no damage.
The quokka bites you. What are your orders? t - Shout!
Orders for allies: a - Attack new target. r - Retreat! s - Stop attacking. g - Guard the area. f - Follow me.
Anything else - Cancel.
You shout for attention!
The quokka bites you. What are your orders? t - Shout!
Orders for allies: a - Attack new target. r - Retreat! s - Stop attacking. g - Guard the area. f - Follow me.
Anything else - Cancel.
You shout for attention!
The quokka bites you.
You die... #. .# #. .# #. .# #. .# #. .# #. .# ######.#.###### ......r@...$..# ##.###.######## #. #. #. #. .. ##

You could see a quokka.

Vanquished Creatures
  An adder (D:2)
  A dart slug (D:1)
  5 bats
  2 endoplasms (D:1)
  A giant cockroach (D:2)
  2 goblins (D:2)
  5 hobgoblins
  3 jackals (D:1)
  4 kobolds
  2 quokkas
  2 ball pythons (D:1)
  A frilled lizard (D:2)
  4 rats
33 creatures vanquished.

Notes
Turn   | Place    | Note
-------+----------+-------------------------------------------
     0 | D:1      | DildoBatman the Formicid Conjurer began the quest for the
                  | Orb.
     0 | D:1      | Reached XP level 1. HP: 13/13 MP: 3/3
     1 | D:1      | Noticed a minotaur skeleton
     8 | D:1      | Noticed a naga
    16 | D:1      | Noticed a demigod
    18 | D:1      | Noticed a tengu
   256 | D:1      | Reached XP level 2. HP: 10/20 MP: 0/5
   259 | D:1      | Learned a level 2 spell: Searing Ray
   356 | D:1      | Found a faded altar of an unknown god.
   609 | D:1      | Reached skill level 1 in Armour
   617 | D:1      | Reached skill level 1 in Fighting
   619 | D:1      | Reached XP level 3. HP: 11/26 MP: 1/6
  1420 | D:2      | Reached XP level 4. HP: 17/32 MP: 2/8
  1422 | D:2      | You fall into a shaft and drop 1 floor!
  1449 | D:3      | Slain by a quokka

Illustrated notes

Levels and vault maps discovered:
D:1:      shiori_arrival_whats_in_store_for_you, layout_basic,
          hellmonk_ecumenical_altar_run_dry
D:2:      layout_basic, uniq_jessica
D:3:      layout_basic, serial_park_tiny_2, chequers_serial_rivers_large_a,
          lemuel_flame_loot_1

Skill      XL: |  1  2 |
---------------+-------+-----
Dodging        | 2 |  2.0
Armour         | 1 |  1.5
Fighting       | 1 |  1.3
Stealth        | |  2.4
Spellcasting   | |  2.7
Conjurations   | |  3.9

Action                   |  1- 3 |  4- 6 || total
-------------------------+-------+-------++-------
Melee: Short sword       |     3 |       ||     3
       Falchion          |    35 |       ||    35
       Punch             |     1 |       ||     1
 Cast: Magic Dart        |    43 |       ||    43
       Searing Ray       |     4 |       ||     4
 Abil: Shaft Self        |       |     1 ||     1
 Stab: Sleeping          |     1 |       ||     1
Armor: Robe              |    16 |     3 ||    19
Dodge: Dodged            |    35 |    14 ||    49
